 Dungeon Crawl Stone Soup version 0.20-a0-809-gaf7f668 (webtiles) character file.

38 Gorglomux the Skirmisher (level 3, 0/30 HPs)
             Began as a Formicid Abyssal Knight on Mar 3, 2017.
             Was a Believer of Lugonu.
             Slain by an adder (4 damage)
             ... on level 2 of the Dungeon on Mar 4, 2017.
             The game lasted 00:03:38 (1441 turns).

Gorglomux the Skirmisher (Formicid Abyssal Knight)  Turns: 1441, Time: 00:03:39

Health: 0/30       AC:  3    Str: 16    XL:     3   Next: 65%
Magic:  4/4        EV: 10    Int: 11    God:    Lugonu [**....]
Gold:   75         SH:  3    Dex: 11    Spells: 2/2 levels left

rFire    . . .     SeeInvis +   a - +1 hand axe
rCold    . . .     Gourm    .   b - +0 leather armour
rNeg     . . .     Faith    .   E - +0 buckler
rPois    .         Spirit   .   (helmet unavailable)
rElec    .         Reflect  .   (no cloak)
rCorr    .         Harm     .   (no gloves)
MR       .....                  (no boots)
Stlth    ++........             (no amulet)
Regen    0.1/turn               C - ring of wizardry
MPRegen  0.1/turn               x - ring of stealth

@: lethally poisoned (0 -> -6)
A: permanent stasis, dig shafts and tunnels, four strong arms, antennae 3
a: Dig, Shaft Self, Depart the Abyss, Bend Space, Renounce Religion


You were on level 2 of the Dungeon.
You worshipped Lugonu.
Lugonu was pleased with you.
You were not hungry.

You visited 1 branch of the dungeon, and saw 2 of its levels.
You visited the Abyss 1 time.

You collected 75 gold pieces.

Inventory:

Hand Weapons
 a - a +1 hand axe (weapon)
Armour
 b - a +0 leather armour (worn)
 E - a +0 buckler (worn)
Jewellery
 x - a ring of stealth (left hand)
 C - a ring of wizardry (right hand)
Scrolls
 y - 2 scrolls of fear {unknown}
 F - a scroll of remove curse {unknown}
Potions
 w - a potion of magic {unknown}
 A - 3 potions of curing {unknown}
 B - 2 potions of agility {unknown}
Comestibles
 c - a bread ration
 f - 2 meat rations
 D - 4 fruits


   Skills:
 - Level 4.0 Fighting
 + Level 3.1 Axes
 - Level 2.1 Armour
 - Level 0.8 Dodging
 - Level 2.1 Invocations


You had 2 spell levels left.
You didn't know any spells.

Dungeon Overview and Level Annotations

Branches:
Dungeon (2/15)

Altars:
Cheibriados


Innate Abilities, Weirdness & Mutations

You cannot be hasted, slowed, berserked, paralysed or teleported.
You can dig through walls and to a lower floor.
Your four strong arms can wield two-handed weapons with a shield.
You have a pair of large antennae on your head. (SInv)


Message History

* * * LOW HITPOINT WARNING * * *
Found 25 sling bullets.
You block the adder's attack. The adder bites you.
* * * LOW HITPOINT WARNING * * *
You miss the adder.
The adder is heavily wounded.
You feel sick. The adder closely misses you.
You closely miss the adder.
The adder is heavily wounded.
The adder bites you.
* * * LOW HITPOINT WARNING * * *
You are more poisoned.
The adder poisons you! The adder bites you.
* * * LOW HITPOINT WARNING * * *
You miss the adder.
The adder is heavily wounded.
* * * LOW HITPOINT WARNING * * *
You feel sick. The adder bites you.
You die...

##.>{......... .....#
#.#.##### #)...#
#.#.#.#. #....# #{#.#..
#....# #.#.#.########.
#....#####.#.#.#........
#.......................
#....#.....#..........#
#....#.#######.#@.....#
#....#.# ###.#S....(#
#....#.# #..........#
#....#.# #....#....##
.....#.# #≈≈≈.#....#
.....#.# #≈≈≈≈≈.....#
..#..# #_≈≈w≈≈.....#
#....# ##≈≈≈≈≈.....#
...#.# ##≈≈≈.#....#


You could see an adder and a dart slug.

Vanquished Creatures
  A dart slug (D:1)
  4 bats (D:1)
  A giant cockroach (D:1)
  4 goblins
  7 hobgoblins (D:1)
  2 jackals (D:1)
  A ball python (D:1)
  2 frilled lizards (D:1)
  7 kobolds
  5 rats (D:1)
34 creatures vanquished.

Notes
Turn   | Place    | Note
-------+----------+-------------------------------------------
     0 | Abyss:1  | Gorglomux the Formicid Abyssal Knight began the quest for the Orb.
     0 | Abyss:1  | Reached XP level 1. HP: 18/18 MP: 2/2
    31 | D:1      | Escaped the Abyss
   261 | D:1      | Reached XP level 2. HP: 21/24 MP: 3/3
   749 | D:1      | Reached XP level 3. HP: 29/30 MP: 4/4
   898 | D:1      | Reached skill level 4 in Fighting
   995 | D:1      | Reached ** piety under Lugonu
  1071 | D:1      | Reached skill level 3 in Axes
  1422 | D:2      | Found a snail-covered altar of Cheibriados.
  1441 | D:2      | Slain by an adder

Vault maps used:
D:1:      lightli_arrival_maybe_door_vault, roderic_filled_cross
D:2:      kennysheep_slug_shrine
Abyss:1:  bh_abyss_exit_spiral

Skill      XL: |  1  2  3 |
---------------+----------+-----
Fighting       | 4 |  4.0
Axes           | 3 |  3.1
Armour         | |  2.1
Dodging        | |  0.8
Invocations    | |  2.1

Action                   || total
-------------------------++-------
Melee: Hand axe          ||   114
 Stab: Sleeping          ||     6
  Eat: Chunk             ||     2
Armor: Leather armour    ||    33
Dodge: Dodged            ||    91
Block: Buckler           ||     2
